 Dungeon Sprint DCSS version 0.17-a0-1914-gde4187c (webtiles) character file.

0 kosy22 the Ruffian (level 2, 0/31 HPs)
             Began as a Troll Berserker on Sept 26, 2015.
             Was a Follower of Trog.
             Succumbed to a worker ant's poison
             ... in the Dungeon (Sprint VI: "Thunderdome").
             The game lasted 00:00:43 (33 turns).

kosy22 the Ruffian (Troll Berserker)                  Turns: 33, Time: 00:00:43

Health: 0/31       AC:  5    Str: 24    XL:     2   Next: 68%
Magic:  1/1        EV: 10    Int:  3    God:    Trog [*.....]
Gold:   0          SH:  0    Dex:  9    Spells: 0 memorised, 1 level left

rFire  . . .     SeeInvis .       - Unarmed
rCold  . . .     Clarity  .     a - +0 animal skin
rNeg   . . .     SustAt   .     (no shield)
rPois  .         Gourm    +     (helmet restricted)
rElec  .         Spirit   .     (no cloak)
rCorr  .         Warding  .     (gloves unavailable)
rMut   .         NoTele   +     (boots unavailable)
MR     .....                    (no amulet)
Stlth  +.........               (no ring)
                                (no ring)

@: confused, lethally poisoned (0 -> 0), exhausted, slowed, very slow, not
resistant to hostile enchantments, very unstealthy
A: unfitting armour, claws 3, fast metabolism 3, gourmand, regeneration 2,
shaggy fur 1, tough skin 2
a: Burn Spellbooks, Berserk, Renounce Religion


You were in the Dungeon.
You worshipped Trog.
Trog was aware of your devotion.
You were not hungry.

You visited 1 branch

Inventory:

Armour
 a - a +0 animal skin (worn)
Scrolls
 h - a scroll of blinking
Potions
 c - a potion of curing
 e - a potion of haste
 f - 2 potions of magic
 g - a potion of berserk rage
Comestibles
 b - 2 bread rations


   Skills:
 + Level 3.5 Fighting
 + Level 3.6 Dodging
 + Level 4.3 Unarmed Combat


You had one spell level left.
You didn't know any spells.

Dungeon Overview and Level Annotations

Branches:
Dungeon (1/1)

Altars:
Cheibriados
Dithmenos
Fedhas
Kikubaaqudgha
Makhleb
Qazlal
Ru
Trog
Vehumet
Zin
Lugonu

Shops:
D ??:(!!

Annotations:
D Sigmund


Innate Abilities, Weirdness & Mutations

You are too large for most types of armour.
You have claws for hands.
Your metabolism is lightning-fast.
You like to eat raw meat.
You heal very quickly.
You are covered in fur (AC +1).
You have very tough skin (AC +2).


Message History

You are no longer berserk.
You are exhausted.
You feel yourself slow down.
You start resting.
You feel sick. Something hits you.
* * * LOW HITPOINT WARNING * * *
x2 Drink which item? (? for menu, Esc to quit)
You feel much better. Something hits you. Something hits you.
Found a burning altar of Makhleb.
You start resting.
You feel sick. Something hits you.
You start resting.
Something hits you.
* * * LOW HITPOINT WARNING * * *
You start resting.
You hear some strange, mumbled words.
You are confused.
Something hits you!
* * * LOW HITPOINT WARNING * * *
x2
There is a lethal amount of poison in your body!
You're too confused!
You die...

#_......._#
#_......._#
#_......._#
###.........###
#⌠...........⌠#
#.8.........8.#####
......###......___∩
...8. #.8........
.....###..@.......
.. #...###....... .
#.<.# ....... #...#
....... ...###..
....... ...8.
.8........ .....
......_._∩ #.8..
...8.##### #⌠..
....⌠#


There were no monsters in sight!

Vanquished Creatures
  A worker ant (D)
1 creature vanquished.

Notes
Turn   | Place    | Note
--------------------------------------------------------------
     0 | D        | kosy22 the Troll Berserker began the quest for the Orb.
     0 | D        | Reached XP level 1. HP: 22/22 MP: 0/0
     1 | D        | Found a corrupted altar of Lugonu.
     1 | D        | Found a stormy altar of Qazlal.
     2 | D        | Found a bloodstained altar of Trog.
     2 | D        | Found a sacrificial altar of Ru.
     3 | D        | Found a radiant altar of Vehumet.
     3 | D        | Found a snail-covered altar of Cheibriados.
     4 | D        | Found a blossoming altar of Fedhas.
     4 | D        | Found a shadowy altar of Dithmenos.
     4 | D        | Found a glowing silver altar of Zin.
     4 | D        | Found Asio's Staff Store.
     4 | D        | Found Feank's Magic Scroll Shop.
     5 | D        | Found Zixecet's Must-Have Magic.
     5 | D        | Found Estro's Magic Scroll Shop.
     5 | D        | Round 1.
     6 | D        | Found Jaoleash's Distillery.
     9 | D        | Noticed a worker ant
     9 | D        | Noticed Sigmund
    21 | D        | Killed a worker ant
    21 | D        | Reached skill level 4 in Unarmed Combat
    21 | D        | Reached XP level 2. HP: 4/31 MP: 1/1
    29 | D        | Found a burning altar of Makhleb.
    32 | D        | HP: 1/31 [something (2)]
    33 | D        | Found an ancient bone altar of Kikubaaqudgha.
    33 | D        | Found Bezel's Do-It-Yourself Clinic.
    33 | D        | Succumbed to a worker ant's poison

Vault maps used:
D:        arena_sprint

Action                   || total
-------------------------++-------
Melee: Unarmed           ||     4
Invok: Berserk           ||     1
  Use: Potion            ||     1
